 Dungeon Crawl Stone Soup version 0.31.0-2-g5a2aebc5c2 (webtiles) character file.

Game seed: 18336845132438894341

1767326 RBrandon the Sage (level 27, 392/392 HPs)
             Began as an Oni Hexslinger on Jan 20, 2024.
             Was a High Priest of Sif Muna.
             Escaped with the Orb
             ... and 3 runes on Jan 21, 2024!
             The game lasted 04:54:08 (63645 turns).

RBrandon the Sage (Oni Hexslinger)                 Turns: 63645, Time: 04:54:08

Health: 392/392    AC: 39    Str: 24    XL:     27
Magic:  47/47      EV: 38    Int: 21    God:    Sif Muna [*****.]
Gold:   5290       SH:  0    Dex: 41    Spells: 1/49 levels left

rFire   . . .        b - +6 lajatang "Poycky" {heavy, *Noise Str+5 Dex+4}
rCold   + . .        (shield currently unavailable)
rNeg    + + .        K - melded +3 troll leather armour
rPois   ∞            E - +2 hat {Int+3}
rElec   +            J - +4 dragonskin cloak
rCorr   +            (gloves unavailable)
SInv    .            (boots unavailable)
Will    ++...        x - amulet "Sett" {Harm ^Drain Regen+ Dex+7 Stlth+}
Stlth   ++           S - ring of Ysunt {MP+9 Int+3 Dex+6}
HPRegen 1.65/turn    V - ring of Luifar {^Drain +Blink rN+ rCorr Dex+5}
MPRegen 0.30/turn

%: harm (+30% outgoing, +20% incoming)
@: statue-form, studying 3 skills, very slow
A: slow and powerful, torment resistance 1, boosted hp, large, unfitting armour,
horns 2, (tough skin 1), double potion healing, drunken brawling, talons 1,
agile 1, cold resistance 1, dopey 2, MP-powered wands
0: Orb of Zot
}: 3/15 runes: serpentine, barnacled, silver
a: Begin Untransformation, Renounce Religion, Evoke Blink, Channel Magic, Forget
Spell, Divine Exegesis


You escaped.
You worshipped Sif Muna.
Sif Muna was extremely pleased with you.
You were a living statue of rough stone.
You visited 10 branches of the dungeon, and saw 48 of its levels.
You visited the Abyss 1 time.
You also visited: Trove and Bailey.

You collected 8699 gold pieces.
You spent 3409 gold pieces at shops.

Inventory:

Hand Weapons
 a - a +9 vampiric lajatang
   (You acquired it on level 5 of the Lair of Beasts)
 b - the +6 lajatang "Poycky" (weapon) {heavy, *Noise Str+5 Dex+4}
   (You acquired it on level 3 of the Elven Halls)

   Str+5:     It affects your strength (+5).
   Dex+4:     It affects your dexterity (+4).
   *Noise:    It may make a loud noise when swung.
Missiles
 c - 3 atropa-tipped darts
 d - 13 silver javelins
 i - 18 javelins
 y - 6 curare-tipped darts (quivered)
 A - 7 throwing nets
 U - 138 large rocks
Armour
 B - the scarf of Ucegoc {rC+ rF+, Will+ Regen+}
   (You found it on level 3 of the Elven Halls)

   Will+:     It increases your willpower.
   Regen+:    It increases your rate of health regeneration.
 E - a +2 hat of intelligence (worn)
   (You acquired it in a bailey)
 F - the scarf of Inference {+Inv, rElec Dex+6}
   (You acquired it on level 15 of the Dungeon)

   Dex+6:     It affects your dexterity (+6).
   rElec:     It insulates you from electricity.
 J - the +4 dragonskin cloak (worn)
   (You took it off Tiamat on level 3 of the Realm of Zot)

   Avatar's Aegis: It grants the wearer a chance to resist fire, cold, poison,
   electricity, acid, and negative energy.
 K - a +3 troll leather armour (melded)
 X - an orb of energy
   (You found it on level 3 of the Snake Pit)
Magical Staves
 O - the staff of the Stained God {rCorr Int+2 Dex+3 Stlth- Summ Earth}
   (You found it on level 5 of the Vaults)

   [staff of earth]

   Base accuracy: +5 Base damage: 5 Base attack delay: 1.2 This weapon's minimum
   attack delay (0.6) is reached at skill level 12.
   Int+2:     It affects your intelligence (+2).
   Dex+3:     It affects your dexterity (+3).
   rCorr:     It protects you from acid and corrosion.
   Stlth-:    It makes you less stealthy.
   Summ:      It increases the power of your Summonings spells.
   Earth:     It increases the power of your Earth spells.
   It falls into the 'Staves' category.
   It is a one-handed weapon.
Jewellery
 e - a ring of protection from fire
 l - a ring of protection from fire
 p - a ring of protection from cold
 v - a +6 ring of intelligence
 x - the amulet "Sett" (around neck) {Harm ^Drain Regen+ Dex+7 Stlth+}
   (You found it on level 1 of the Snake Pit)

   [amulet of regeneration]

   Dex+7:     It affects your dexterity (+7).
   Regen+:    It increases your rate of health regeneration.
   ^Drain:    It drains your maximum health when unequipped.
   Harm:      It increases damage dealt and taken.
   Stlth+:    It makes you more stealthy.
 S - the ring of Ysunt (left fist) {MP+9 Int+3 Dex+6}
   (You found it in a treasure trove)

   [ring of magical power]

   Int+3:     It affects your intelligence (+3).
   Dex+6:     It affects your dexterity (+6).
   MP+9:      It affects your magic capacity (+9).
 V - the ring of Luifar (right fist) {^Drain +Blink rN+ rCorr Dex+5}
   (You found it in a treasure trove)

   [ring of positive energy]

   Dex+5:     It affects your dexterity (+5).
   rN+:       It protects you from negative energy.
   +Blink:    It lets you blink.
   rCorr:     It protects you from acid and corrosion.
   ^Drain:    It drains your maximum health when unequipped.
Talismans
 t - a granite talisman (active)
Wands
 k - a wand of iceblast (43)
 m - a wand of polymorph (14)
 q - a wand of digging (39)
 W - a wand of acid (14)
Scrolls
 f - 7 scrolls of fog
 r - 2 scrolls of teleportation
 s - 2 scrolls of blinking
 u - 5 scrolls of enchant weapon
 z - 9 scrolls of immolation
 D - 7 scrolls of silence
 H - 7 scrolls of amnesia
 P - 10 scrolls of poison
 Q - a scroll of torment
Potions
 g - 12 potions of brilliance
 h - 4 potions of ambrosia
 j - a potion of invisibility
 n - a potion of mutation
 o - 4 potions of cancellation
 w - a potion of resistance
 C - 9 potions of magic
 I - 10 potions of might
 L - a potion of berserk rage
 M - 4 potions of enlightenment
 N - a potion of haste
 Y - 13 potions of curing
 Z - 4 potions of heal wounds
Miscellaneous
 R - a condenser vane
 T - a box of beasts


   Skills:
 - Level 22.4 Fighting
 - Level 12.3 Staves
 - Level 1.3 Ranged Weapons
 - Level 7.6 Throwing
 * Level 19.5 Dodging
 - Level 5.0 Stealth
 - Level 11.6 Spellcasting
 - Level 5.0 Conjurations
 - Level 5.0 Hexes
 - Level 9.0 Translocations
 - Level 0.8 Fire Magic
 - Level 12.9 Air Magic
 - Level 9.3 Earth Magic
 - Level 13.2 Alchemy
 - Level 23.0 Invocations
 - Level 10.5 Evocations
 + Level 20.5 Shapeshifting


You had one spell level left.
You knew the following spells:

 Your Spells              Type           Power      Damage    Failure   Level
a - Alistair's Intoxicat  Alch           40%        N/A       1%          5
b - Eringya's Noxious Bo  Alch           30%        4d6       3%          6
c - Yara's Violent Unrav  Hex/Alch       25%        3d11      3%          5
d - Petrify               Alch/Erth      56%        N/A       1%          4
e - Passwall              Erth           51%        N/A       1%          3
f - Cause Fear            Hex            16%        N/A       7%          4
g - Vhi's Electric Charg  Tloc/Air       100%       N/A       1%          4
h - Lee's Rapid Deconstr  Erth           25%        3d14*     3%          5
i - Irradiate             Conj/Alch      25%        3d20      3%          5
j - Manifold Assault      Tloc           50%        N/A       1%          4
k - Swiftness             Air            61%        N/A       1%          3

Your spell library contained the following spells:

 Spells                   Type           Power      Damage    Failure   Level
 Apportation              Tloc           100%       N/A       1%          1
 Foxfire                  Conj/Fire      96%        2x1d8     1%          1
 Kiss of Death            Conj/Necr      88%        2d12      1%          1
 Sandblast                Erth           100%       2d20      1%          1
 Shock                    Conj/Air       100%       1d9       1%          1
 Slow                     Hex            100%       N/A       1%          1
 Sting                    Conj/Alch      100%       1d9       1%          1
 Freeze                   Ice            48%        1d6       5%          1
 Necrotise                Necr           48%        1d6       5%          1
 Summon Small Mammal      Summ           48%        N/A       5%          1
 Cigotuvi's Dreadful Rot  Necr/Alch/Air  96%        N/A       1%          2
 Jinxbite                 Hex            66%        N/A       1%          2
 Mercury Vapours          Alch/Air       100%       N/A       1%          2
 Momentum Strike          Conj/Tloc      82%        3d10      1%          2
 Searing Ray              Conj           66%        2d6       1%          2
 Static Discharge         Conj/Air       100%       3-8/arc   1%          2
 Confusing Touch          Hex            33%        N/A       1%          3
 Dazzling Flash           Conj/Hex       66%        N/A       1%          3
 Gell's Gravitas          Tloc           50%        N/A       1%          3
 Mephitic Cloud           Conj/Alch/Air  54%        N/A       1%          3
 Sigil of Binding         Hex            33%        N/A       1%          3
 Stone Arrow              Conj/Erth      84%        3d12      1%          3
 Teleport Other           Tloc           50%        N/A       1%          3
 Tukima's Dance           Hex            33%        N/A       1%          3
 Airstrike                Air            30%        2d(5-21)  1%          4
 Fulminant Prism          Conj/Alch      25%        3d14      1%          4
 Leda's Liquefaction      Alch/Erth      28%        N/A       1%          4
 Olgreb's Toxic Radiance  Alch           61%        N/A       1%          4
 Volatile Blastmotes      Fire/Tloc      64%        2d15      2%          3
 Brom's Barrelling Bould  Conj/Erth      42%        2d6       2%          4
 Ensorcelled Hibernation  Hex/Ice        44%        N/A       3%          2
 Dimensional Bullseye     Hex/Tloc       20%        N/A       3%          4
 Ignite Poison            Fire/Alch      41%        N/A       3%          4
 Iskenderun's Mystic Bla  Conj/Tloc      41%        2d9       3%          4
 Sticky Flame             Fire/Alch      41%        2d8       3%          4
 Summon Lightning Spire   Summ/Air       39%        N/A       3%          4
 Arcjolt                  Conj/Air       25%        1d35      3%          5
 Silence                  Hex/Air        25%        N/A       3%          5
 Inner Flame              Hex/Fire       24%        N/A       4%          3
 Scorch                   Fire           30%        2d6       6%          2
 Hailstorm                Conj/Ice       22%        3d7       6%          3
 Animate Armour           Summ/Erth      62%        N/A       8%          4
 Call Imp                 Summ           24%        N/A       9%          2
 Freezing Cloud           Conj/Ice/Air   18%        6-21      13%         5
 Call Canine Familiar     Summ           12%        N/A       16%         3
 Frozen Ramparts          Ice            24%        1d4       16%         3
 Fugue of the Fallen      Necr           12%        N/A       16%         3
 Ozocubu's Armour         Ice            12%        N/A       16%         3
 Summon Ice Beast         Ice/Summ       12%        N/A       16%         3
 Vampiric Draining        Necr           12%        2d6       16%         3
 Flame Wave               Conj/Fire      24%        2d8       16%         4
 Anguish                  Hex/Necr       11%        N/A       19%         4
 Iskenderun's Battlesphe  Conj           33%        2d9       19%         5
 Dispersal                Tloc           25%        N/A       21%         6
 Borgnjor's Vile Clutch   Necr/Erth      15%        N/A       22%         5
 Conjure Ball Lightning   Conj/Air       25%        3x3d7     22%         6
 Summon Forest            Summ/Tloc      15%        N/A       24%         5
 Summon Blazeheart Golem  Fire/Summ      14%        N/A       41%         4
 Fireball                 Conj/Fire      12%        3d7       41%         5
 Bombard                  Conj/Erth      21%        9d4       41%         6
 Plasma Beam              Fire/Air       20%        2x1d32    45%         6
 Dispel Undead            Necr           12%        3d9       47%         4
 Martyr's Knell           Necr/Summ      12%        N/A       47%         4
 Metabolic Englaciation   Hex/Ice        11%        N/A       47%         5
 Summon Mana Viper        Hex/Summ       22%        N/A       47%         5
 Sculpt Simulacrum        Ice/Alch       20%        N/A       50%         6
 Curse of Agony           Necr           12%        N/A       83%         5
 Maxwell's Capacitive Co  Air            30%        ∞         87%         8
 Starburst                Conj/Fire      12%        6d5       94%         6
 Enfeeble                 Hex            16%        N/A       99%         7
 Orb of Destruction       Conj           16%        9d7       99%         7
 Death Channel            Necr           6%         N/A       100%        6
 Summon Cactus Giant      Summ           6%         N/A       100%        6
 Malign Gateway           Summ/Tloc      15%        N/A       100%        7
 Ozocubu's Refrigeration  Ice            6%         4d8       100%        7
 Spellforged Servitor     Conj/Summ      11%        N/A       100%        7
 Summon Hydra             Summ           6%         N/A       100%        7
 Discord                  Hex            16%        N/A       100%        8
 Disjunction              Tloc           25%        N/A       100%        8
 Infestation              Necr           6%         N/A       100%        8
 Lehudib's Crystal Spear  Conj/Erth      21%        10d6      100%        8
 Chain Lightning          Conj/Air       25%        3d33      100%        9
 Death's Door             Necr           6%         N/A       100%        9
 Fire Storm               Conj/Fire      12%        8d3       100%        9
 Polar Vortex             Ice            6%         N/A       100%        9
 Shatter                  Erth           25%        3d22*     100%        9
 Sublimation of Blood     Necr           Unusable   N/A       N/A         2

Dungeon Overview and Level Annotations

Branches:
Dungeon (15/15)            Temple (1/1) D:6            Lair (5/5) D:10
 Shoals (4/4) Lair:3        Snake (4/4) Lair:3        Slime (0/5) Lair:5
    Orc (2/2) D:10            Elf (3/3) Orc:2        Vaults (5/5) D:13
  Crypt (0/3) Vaults:3     Depths (4/4) D:15            Zot (5/5) Depths:4
 Bailey (visited)

Altars:
Ashenzari
Cheibriados
Dithmenos
Elyvilon
Fedhas
Gozag
Hepliaklqana
Kikubaaqudgha
Makhleb
Nemelex Xobeh
Okawaru
Qazlal
Ru
Sif Muna
Trog
Uskayaw
Vehumet
Wu Jian
Xom
Yredelemnul
Zin
The Shining One
Jiyva
Lugonu

Shops:
D:1 [   D:15 ??   Orc:2 [=*!(   Elf:1 !   Elf:2 [([((   Shoals:3 [
Snake:3 [[((   Snake:4 [(:   Vaults:2 !   Vaults:4 [   Vaults:5 *

Portals:
Hell: Depths:1 Depths:2
Abyss: Depths:2 Depths:3
Pandemonium: Depths:2 Depths:3
Ziggurat: Depths:2

Annotations:
Lair:1 3 runed translucent doors, Olid's ghost, journeyman DrCj
Snake:1 3 runed translucent doors, Taul's ghost, journeyman MiFi
Orc:2 2 transporters, Rem's ghost, journeyman GnIE
Elf:1 1 runed translucent door, Doblui's ghost, adept MiFi
Elf:2 5 runed translucent doors
Depths:3 3 runed translucent doors, Parghit; Plog's ghost, adept DgCj
Abyss:1 Blork the orc


Innate Abilities, Weirdness & Mutations

You are a living statue of rough stone.
Your actions are slow, but your melee attacks are powerful.
You are resistant to unholy torment.
Your maximum health is greatly increased.
Your equipment is partially melded.
You are too large for most types of armour.
You are immune to poison.
You have a pair of horns on your head.
((You have tough skin. (AC +1)))
You gain doubled healing and magic from potions.
Whenever you drink a healing potion, you attack all around you.
You have sharp toenails.
You are agile. (Dex +4, Str/Int -1)
Your flesh is cold resistant. (rC+)
You are very dopey. (Int -4)
You expend magic power (3 MP) to strengthen your wands.


Message History

Charge where?
Press: ? - help, Dir - move target, f - daeva
Aim: a daeva, wielding a +5 long sword of holy wrath and wearing a +0 tower shield (haloed, 87% to hit)
You charge forward with an electric crackle!
You open the daeva like a pillowcase and electrocute it!!!!
You kill the daeva!
Sif Muna accepts your kill.
A tormentor comes into view.
Casting: Vhi's Electric Charge (mildly dangerous; 1% risk of failure)
Confirm with . or Enter, or press ? or * to list all spells.
You can't see any susceptible monsters within range! (Use Z to cast anyway.)
Casting: Vhi's Electric Charge (mildly dangerous; 1% risk of failure)
Confirm with . or Enter, or press ? or * to list all spells.
Space momentarily warps into an impossible shape!
You chop the tormentor into pieces!!!
You kill the tormentor!
Sif Muna accepts your kill.
HP restored.
An Ice Fiend comes into view.
The Ice Fiend calls on the powers of darkness!
Your body is wracked with pain!
Casting: Manifold Assault (mildly dangerous; 1% risk of failure)
Confirm with . or Enter, or press ? or * to list all spells.
Charge where?
Press: ? - help, Dir - move target, f - Ice Fiend
Aim: an Ice Fiend (95% to hit)
You charge forward with an electric crackle!
You slice the Ice Fiend like a ripe choko and electrocute it!!!!
You kill the Ice Fiend!
Sif Muna accepts your kill.
Magic restored.
An Orb Guardian comes into view.
You cut the Orb Guardian into ribbons!!!
You claw the Orb Guardian, but do no damage.
The Orb Guardian is heavily wounded.
You carve the Orb Guardian like a ham!!!!
You kill the Orb Guardian!
Sif Muna accepts your kill.
There is a staircase leading out of the dungeon here.
You have escaped!

#####################
#..#..#.##...#....
##..##..#.##.(..#.
#..##.#.#...##...#
###.#.###.#.....#.
###.#...#..#...#.
##.######.#...#..#
#.#...#.##.#...#..
#8###..##.##......
##..###.#.#..#....
#..#.###..#...#..#
#.##...#.#..#..##.
#..####.##..#..##.
###..#..#.#.....#.
#..##..##..#...#.#
#.#..#...##.##...#
##################


There were no monsters in sight!

Vanquished Creatures
  Tiamat (Zot:3)
  7 dread liches
  5 ancient liches
  6 orbs of fire
  3 pandemonium lords
  A juggernaut (Depths:3)
  Xtahua (Depths:4)
  5 Killer Klowns
  4 curse toes
  Bai Suzhen (Depths:1)
  Saint Roka (Snake:3)
  Margery (Depths:4)
  11 golden dragons
  2 bone dragons
  4 electric golems
  A hellephant (Depths:4)
  24 tentacled monstrosities
  Zenata (Elf:3)
  Jorgrun (Snake:3)
  Mlioglotl (Shoals:3)
  A deep elf blademaster (Elf:3)
  28 Orb Guardians
  3 quicksilver dragons
  2 Ice Fiends
  10 liches
  A walking earthen tome (Depths:3)
  A kraken (Shoals:1)
  5 titans
  An Executioner (Depths:1)
  A deep elf master archer (Elf:3)
  An ancient champion (Vaults:3)
  14 sphinxes
  12 tengu reavers
  Aizul (Snake:3)
  4 death cobs
  13 storm dragons
  Kirke (Elf:1)
  14 shadow dragons
  Roxanne (D:15)
  A revenant (Vaults:3)
  5 draconian monks
  Ilsuiw (Shoals:2)
  2 daevas
  4 fire giants
  3 protean progenitors (Zot:5)
  3 iron dragons
  11 frost giants
  5 draconian shifters
  24 vault wardens
  9 nagarajas
  12 deep elf sorcerers
  A balrug (D:15)
  10 draconian scorchers
  3 draconian knights
  An angel (Vaults:3)
  A ghost moth (Zot:4)
  8 deep elf elementalists (Elf:3)
  Louise (Shoals:2)
  2 spriggan defenders (Depths:2)
  8 ironbound thunderhulks
  16 stone giants
  An orc warlord (Vaults:4)
  19 ironbound preservers
  3 draconian stormcallers
  A broodmother (Zot:5)
  6 draconian annihilators
  17 very ugly things
  3 formless jellyfish
  A demonspawn corrupter (Depths:4)
  2 vampire knights
  4 deep elf demonologists (Elf:3)
  3 deep elf death magi
  12 green draconians
  15 dire elephants
  3 demonspawn black suns (Zot:2)
  2 lorocyprocas
  8 deep elf annihilators
  17 red draconians
  11 black draconians
  15 purple draconians
  6 war gargoyles
  9 spark wasps
  2 minotaurs (Shoals:4)
  13 white draconians
  12 yellow draconians
  13 ettins
  2 green deaths
  2 merfolk javelineers
  11 merfolk impalers
  11 fire dragons
  7 deep elf high priests
  3 jiangshi (Depths:1)
  10 ice dragons
  12 yaktaur captains
  3 great orbs of eyes
  38 vault guards
  5 rakshasas
  3 peacekeepers
  Fannar (Abyss:4)
  2 ogre magi
  4 catoblepae
  A hell beast (Depths:3)
  A salamander tyrant (Snake:4)
  6 spriggan air magi
  Erica (Lair:1)
  11 hydras
  4 boulder beetles
  12 centaur warriors
  An alligator (Zot:1)
  13 ironbound frosthearts
  6 two-headed ogres
  2 merfolk avatars
  14 dancing weapons
  2 alligator snapping turtles
  4 merfolk aquamancers
  14 satyrs
  A death knight (D:15)
  5 deep troll shamans
  23 naga warriors
  13 anacondas
  4 hell hogs (Zot:5)
  4 tengu warriors
  12 death yaks
  6 deep troll earth magi
  A vampire mage (D:15)
  12 shock serpents
  An occultist (D:15)
  6 spriggan berserkers
  3 spriggans
  A soul eater (Depths:3)
  11 hell knights
  17 naga sharpshooters
  8 deep elf knights
  Sonja (D:11)
  3 skysharks
  Amaemon (Lair:2)
  A skyshark (shapeshifter) (Depths:3)
  A sixfirhy (Abyss:3)
  9 iron trolls
  A deep troll (shapeshifter) (Vaults:5)
  9 sea snakes
  5 salamander mystics
  3 flayed ghosts
  A glowing orange brain (shapeshifter) (Vaults:5)
  A mana viper (shapeshifter) (Depths:4)
  8 arcanists
  A swamp dragon (shapeshifter) (Vaults:5)
  4 glowing orange brains
  28 deep trolls
  5 phantasmal warriors
  4 deep elf archers
  8 lindwurms
  A shadow demon (Depths:4)
  14 ironbound convokers
  14 mana vipers
  3 necromancers
  9 naga ritualists
  30 harpies
  18 deep elf zephyrmancers
  4 orc knights
  A steelbarb worm (shapeshifter) (Vaults:5)
  15 deep elf pyromancers
  4 large abominations
  A wolf spider (D:15)
  4 orc sorcerers
  A human zombie (Vaults:5)
  21 fauns
  21 ugly things
  20 cyclopes
  25 manticores
  A moth of wrath (shapeshifter) (Depths:3)
  A faun (shapeshifter) (Vaults:5)
  37 moths of wrath
  19 salamanders
  An elephant (D:10)
  8 merfolk sirens
  A frost giant skeleton (Vaults:5)
  A black mamba (shapeshifter) (Elf:2)
  A rust devil (D:15)
  A kobold blastminer (Orc:1)
  A water nymph (shapeshifter) (Vaults:5)
  A water nymph (Shoals:1)
  28 naga magi
  29 black mambas
  2 smoke demons
  16 vault sentinels
  5 guardian serpents
  2 gargoyles
  2 molten gargoyles (D:12)
  11 starcursed masses
  11 cane toads
  2 kobold demonologists
  2 unseen horrors (D:11)
  4 orange demons
  6 tengu conjurers
  A rime drake (shapeshifter) (Depths:1)
  4 efreet
  3 hellions
  4 rime drakes
  3 tormentors
  11 komodo dragons
  A freezing wraith (Vaults:5)
  46 yaktaurs
  A red devil (D:15)
  An ancient zyme (Abyss:4)
  A tyrant leech (Zot:5)
  4 hellwings (D:6)
  4 trolls
  A hornet (shapeshifter) (D:13)
  Grinder (D:5)
  43 merfolk
  10 wind drakes
  Prince Ribbit (D:6)
  4 hornets
  5 polar bears
  9 raiju
  7 snapping turtles
  20 blink frogs
  23 dream sheep
  28 slime creatures
  4 air elementals
  A vampire (D:11)
  Sigmund (D:3)
  An ettin skeleton (Vaults:5)
  4 wraiths
  A centaur simulacrum (D:15)
  18 water elementals
  38 yaks
  A shadow (D:9)
  2 ynoxinuls
  2 wyverns (Lair:2)
  5 hogs (Elf:1)
  A human (D:13)
  4 fire elementals
  2 neqoxecs
  9 vampire mosquitoes
  2 wargs
  3 basilisks
  52 nagas
  4 small abominations
  5 acid dragons
  A naga (shapeshifter) (D:13)
  Duvessa (D:5)
  3 hell hounds (Elf:3)
  7 water moccasins
  3 ice beasts
  A sky beast (D:7)
  25 orc warriors
  2 black bears
  4 ogres
  18 wolves
  5 boggarts (D:14)
  20 centaurs
  10 kobold brigands
  3 phantoms
  2 scorpions
  12 bullfrogs
  2 gnoll sergeants (D:9)
  3 earth elementals
  4 wights (D:8)
  Dowan (D:5)
  11 killer bees
  12 howler monkeys
  5 electric eels
  5 lava snakes (D:12)
  15 orc priests
  2 gnoll boudas
  A hound (D:4)
  A sleepcap (D:5)
  2 iguanas
  13 orc wizards
  6 hell rats (Lair:3)
  6 adders
  19 gnolls
  3 shadow imps
  A white imp (D:5)
  5 ufetubi
  5 dart slugs
  2 ribbon worms
  73 orcs
  2 bats
  5 endoplasms
  4 giant cockroaches
  8 goblins
  11 hobgoblins
  7 jackals
  4 quokkas
  3 ball pythons
  2 frilled lizards (D:1)
  34 kobolds
  5 rats
  4 aspiring fleshes
  A ball lightning (D:15)
  A lurking horror (Abyss:2)
  3 tentacles (Shoals:1)
2155 creatures vanquished.

Vanquished Creatures (collateral kills)
  2 protean progenitors (Zot:1)
  A draconian knight (Zot:1)
  A goliath frog (Zot:1)
  2 moths of wrath (Zot:1)
  An aspiring flesh (Zot:1)
7 creatures vanquished.

Vanquished Creatures (others)
  A dread lich (Zot:5)
  A golden dragon (Vaults:5)
  An Ice Fiend (Depths:4)
  A demonspawn blood saint (Zot:2)
  A purple draconian (Zot:2)
  A yaktaur captain (Vaults:1)
  2 naga sharpshooters (Snake:4)
  A harpy (Shoals:4)
  A deep elf pyromancer (Elf:1)
  A deep elf zephyrmancer (Elf:2)
  An ugly thing (D:8)
  A moth of wrath (Zot:3)
  A naga mage (Snake:2)
  An orc (Bailey)
  A hobgoblin (Bailey)
  4 ball lightnings (D:15)
  A lurking horror (Abyss:4)
  9 tentacles (Shoals:1)
30 creatures vanquished.

Grand Total: 2192 creatures vanquished

Notes
Turn   | Place    | Note
-------+----------+-------------------------------------------
     0 | D:1      | RBrandon the Oni Hexslinger began the quest for the Orb.
     0 | D:1      | Reached XP level 1. HP: 19/19 MP: 2/2
    69 | D:1      | Reached XP level 2. HP: 18/27 MP: 3/3
   298 | D:1      | Learned a level 2 spell: Mercury Vapours
   302 | D:1      | Found Ronafiug's Armour Shop.
   713 | D:1      | Reached XP level 3. HP: 33/33 MP: 6/6
   762 | D:1      | Learned a level 3 spell: Mephitic Cloud
  1401 | D:3      | Reached skill level 1 in Air Magic
  1401 | D:3      | Reached skill level 1 in Alchemy
  1604 | D:3      | Reached XP level 4. HP: 37/41 MP: 4/7
  1698 | D:3      | Noticed Sigmund
  2172 | D:4      | Learned a level 2 spell: Jinxbite
  2225 | D:4      | Reached XP level 5. HP: 48/48 MP: 5/8
  2323 | D:4      | Noticed a phantom
  2341 | D:4      | Killed a phantom
  2597 | D:4      | Reached XP level 6. HP: 49/55 MP: 6/9
  3064 | D:5      | Entered Level 5 of the Dungeon
  3189 | D:5      | Noticed Dowan
  3205 | D:5      | Noticed Duvessa
  3239 | D:5      | Killed Dowan
  3240 | D:5      | Reached skill level 1 in Conjurations
  3392 | D:5      | Reached XP level 7. HP: 49/62 MP: 8/10
  3455 | D:5      | Noticed Blork the orc
  3473 | D:5      | Banished Blork the orc
  3534 | D:5      | Killed Duvessa
  3649 | D:5      | Reached skill level 5 in Fighting
  3776 | D:5      | Noticed Grinder
  3819 | D:5      | Killed Grinder
  3820 | D:5      | Reached XP level 8. HP: 71/83 MP: 10/13
  4189 | D:5      | Learned a level 4 spell: Petrify
  4194 | D:5      | Learned a level 4 spell: Leda's Liquefaction
  4373 | D:6      | Noticed Prince Ribbit
  4387 | D:6      | Reached skill level 1 in Earth Magic
  4387 | D:6      | Killed Prince Ribbit
  4480 | D:6      | Reached skill level 5 in Alchemy
  4593 | D:6      | Reached XP level 9. HP: 89/89 MP: 6/15
  4796 | D:6      | Found a staircase to the Ecumenical Temple.
  4832 | Temple   | Entered the Ecumenical Temple
  4962 | Temple   | Became a worshipper of Sif Muna the Loreminder
  6294 | D:7      | Found a flagged portal.
  6312 | Bailey   | Entered a bailey
  6878 | Bailey   | Reached * piety under Sif Muna
  6950 | Bailey   | Reached skill level 5 in Spellcasting
  7035 | Bailey   | Noticed a kobold demonologist
  7058 | Bailey   | Killed a kobold demonologist
  7064 | Bailey   | Learned a level 4 spell: Cause Fear
  7163 | Bailey   | Found an iron altar of Okawaru.
  7290 | Bailey   | Noticed an orc knight
  7384 | Bailey   | Killed an orc knight
  7385 | Bailey   | Reached XP level 10. HP: 62/104 MP: 2/20
  7546 | Bailey   | Identified the +4 spear of Sequestration {spect, Int+2
                  | Dex+3 SInv}
  7566 | Bailey   | Noticed an orc sorcerer
  7623 | Bailey   | Killed an orc sorcerer
  7917 | Bailey   | Acquired a +1 hat of intelligence
  8015 | Bailey   | Reached skill level 10 in Fighting
  8228 | D:7      | Reached ** piety under Sif Muna
  8873 | D:8      | Found a sparkling altar of Nemelex Xobeh.
  8875 | D:8      | Found a bloodstained altar of Trog.
  9748 | D:8      | Noticed a brown ugly thing
  9753 | D:8      | Noticed a centaur warrior
  9754 | D:8      | Noticed a brown ugly thing
  9755 | D:8      | Banished a brown ugly thing
  9760 | D:8      | Killed a brown ugly thing
  9761 | D:8      | Reached skill level 1 in Staves
  9765 | D:8      | Killed a centaur warrior
  9766 | D:8      | Reached XP level 11. HP: 98/123 MP: 11/21
 10055 | D:9      | Reached skill level 5 in Staves
 10886 | D:9      | Reached skill level 1 in Invocations
 10887 | D:9      | Reached *** piety under Sif Muna
 10985 | D:9      | Noticed a two-headed ogre
 11187 | D:9      | Killed a two-headed ogre
 11188 | D:9      | Reached skill level 3 in Invocations
 11318 | D:9      | Reached skill level 4 in Invocations
 11325 | D:9      | Noticed a centaur warrior
 11560 | D:9      | Reached skill level 5 in Invocations
 11654 | D:9      | Reached skill level 1 in Throwing
 11850 | D:9      | Killed a centaur warrior
 12820 | D:10     | Entered Level 10 of the Dungeon
 12862 | D:10     | Reached skill level 5 in Throwing
 13020 | D:10     | Reached **** piety under Sif Muna
 13241 | D:10     | Reached XP level 12. HP: 131/131 MP: 22/22
 13276 | D:10     | Noticed a two-headed ogre
 13296 | D:10     | Killed a two-headed ogre
 13550 | D:10     | Found a staircase to the Lair.
 13557 | D:10     | Reached skill level 1 in Stealth
 13658 | D:10     | Found a staircase to the Orcish Mines.
 13707 | D:10     | Noticed a two-headed ogre
 13721 | D:10     | Killed a two-headed ogre
 13814 | D:10     | Noticed a two-headed ogre
 13823 | D:10     | Noticed an ogre mage
 13856 | Lair:1   | Entered Level 1 of the Lair of Beasts
 13861 | Lair:1   | Learned a level 3 spell: Inner Flame
 13863 | Lair:1   | Learned a level 1 spell: Slow
 13878 | Lair:1   | Noticed Erica
 13903 | Lair:1   | Killed Erica
 14029 | Lair:1   | Noticed a seven-headed hydra
 14033 | Lair:1   | Noticed Olid's ghost (journeyman DrCj)
 14033 | Lair:1   | Noticed a skyshark
 14037 | Lair:1   | Noticed a boulder beetle
 14048 | Lair:1   | Found a runed translucent gate.
 14048 | Lair:1   | Found a runed translucent gate.
 14048 | Lair:1   | Found a runed translucent gate.
 14139 | Lair:1   | Reached skill level 5 in Stealth
 14738 | Lair:1   | Reached skill level 5 in Hexes
 15042 | Lair:2   | Noticed a death yak
 15058 | Lair:2   | Noticed a six-headed hydra
 15060 | Lair:2   | Noticed a death yak
 15063 | Lair:2   | Noticed a death yak
 15064 | Lair:2   | Killed a six-headed hydra
 15064 | Lair:2   | Noticed a death yak
 15067 | Lair:2   | Reached skill level 5 in Dodging
 15076 | Lair:2   | Killed a death yak
 15077 | Lair:2   | Killed a death yak
 15087 | Lair:2   | Killed a death yak
 15090 | Lair:2   | Killed a death yak
 15091 | Lair:2   | Reached XP level 13. HP: 77/144 MP: 23/23
 15174 | Lair:2   | Noticed Fannar
 15349 | Lair:2   | Noticed Amaemon
 15369 | Lair:2   | Killed Amaemon
 15459 | Lair:2   | Reached ***** piety under Sif Muna
 16420 | Lair:2   | Banished Fannar
 16444 | Lair:2   | Found a snail-covered altar of Cheibriados.
 16594 | Lair:3   | Found a white marble altar of Elyvilon.
 17246 | Lair:3   | Found a staircase to the Shoals.
 17425 | Lair:3   | Found a staircase to the Snake Pit.
 17746 | Lair:3   | Received a gift from Sif Muna
 19204 | Lair:5   | Entered Level 5 of the Lair of Beasts
 19204 | Lair:5   | Found a viscous altar of Jiyva.
 19204 | Lair:5   | Found a staircase to the Slime Pits.
 19293 | Lair:5   | Reached XP level 14. HP: 19/153 MP: 20/24
 19433 | Lair:5   | Reached skill level 10 in Staves
 19605 | Lair:5   | Acquired a staff of earth
 19956 | Lair:5   | Acquired a +1 vampiric lajatang
 20637 | Lair:5   | Learned a level 5 spell: Irradiate
 21188 | Lair:5   | Reached skill level 5 in Conjurations
 21618 | D:11     | Received a gift from Sif Muna
 21619 | D:11     | Got Sif Muna's Vellum of the Oath and Orogeny {god gift}
 22025 | D:11     | Noticed Sonja
 22040 | D:11     | Killed Sonja
 22418 | D:12     | Reached XP level 15. HP: 149/159 MP: 26/26
 24138 | Orc:1    | Entered Level 1 of the Orcish Mines
 24378 | Orc:2    | Entered Level 2 of the Orcish Mines
 24388 | Orc:1    | Learned a level 5 spell: Lee's Rapid Deconstruction
 24497 | Orc:2    | Found Baps's Antique Armour Boutique.
 24519 | Orc:2    | Reached skill level 5 in Earth Magic
 24629 | Orc:2    | Bought an embroidered cloak for 172 gold pieces
 24725 | Orc:2    | Found a staircase to the Elven Halls.
 25124 | Orc:2    | Found Sawkitol's General Store.
 25132 | Orc:2    | Found Farys's Distillery.
 25134 | Orc:2    | Bought a potion of brilliance for 48 gold pieces
 25134 | Orc:2    | Bought a wand of acid (3) for 151 gold pieces
 25134 | Orc:2    | Bought 4 boomerangs for 96 gold pieces
 25141 | Orc:2    | Bought a potion of curing for 45 gold pieces
 25141 | Orc:2    | Bought a potion of heal wounds for 75 gold pieces
 25141 | Orc:2    | Bought a potion of heal wounds for 75 gold pieces
 25141 | Orc:2    | Bought a potion of invisibility for 120 gold pieces
 25141 | Orc:2    | Bought 2 potions of brilliance for 120 gold pieces
 25141 | Orc:2    | Bought a potion of invisibility for 120 gold pieces
 25233 | Orc:2    | Found Xifix's Jewellery Shoppe.
 25243 | Orc:2    | Found a transporter.
 25253 | Orc:2    | Noticed Rem's ghost (journeyman GnIE)
 25254 | Orc:2    | Identified the +5 dire flail "Wiywyh" {freeze, Dex+5}
 25254 | Orc:2    | Identified the +7 great mace "Galam" {protect, SInv}
 25320 | Orc:2    | Found Oheuginn's Antique Weapon Shop.
 25653 | Orc:2    | Found a transporter.
 26322 | D:13     | Received a gift from Sif Muna
 28253 | D:13     | Found a gate to the Vaults.
 29445 | D:15     | Entered Level 15 of the Dungeon
 29688 | D:15     | Reached XP level 16. HP: 159/169 MP: 15/29
 29808 | D:15     | Found Lodaen's Magic Scroll Boutique.
 29816 | D:15     | Bought a scroll of teleportation for 36 gold pieces
 29816 | D:15     | Bought a scroll of blinking for 90 gold pieces
 30049 | D:15     | Reached skill level 15 in Fighting
 30049 | D:15     | Reached XP level 17. HP: 184/184 MP: 30/30
 30078 | D:15     | Noticed Roxanne
 30087 | D:15     | Killed Roxanne
 30087 | D:15     | Received a gift from Sif Muna
 30088 | D:15     | Got Iskenderun's Papyrus of Assaults {god gift}
 30429 | D:15     | Reached skill level 6 in Invocations
 30579 | D:15     | Reached skill level 1 in Shapeshifting
 30605 | D:15     | Found a staircase to the Depths.
 30764 | D:15     | Found Loililepeu's Magic Scroll Boutique.
 30774 | D:15     | Bought a scroll of teleportation for 51 gold pieces
 31073 | Shoals:1 | Entered Level 1 of the Shoals
 31755 | Shoals:1 | Noticed a kraken
 31896 | Shoals:1 | Reached skill level 5 in Shapeshifting
 32078 | Shoals:1 | Killed a kraken
 32663 | Shoals:2 | Received a gift from Sif Muna
 32795 | Shoals:2 | Learned a level 5 spell: Alistair's Intoxication
 32804 | Shoals:2 | Learned a level 6 spell: Eringya's Noxious Bog
 32936 | Shoals:2 | Noticed Louise
 33408 | Shoals:2 | Noticed Ilsuiw
 33434 | Shoals:2 | Killed Ilsuiw
 33474 | Shoals:2 | Killed Louise
 34219 | Shoals:3 | Reached skill level 10 in Shapeshifting
 34288 | Shoals:3 | Noticed Mlioglotl
 34314 | Shoals:3 | Found Doown's Antique Armour Shop.
 34318 | Shoals:3 | Noticed a tentacled starspawn
 34561 | Shoals:3 | Reached XP level 18. HP: 78/193 MP: 14/31
 34849 | Snake:1  | Entered Level 1 of the Snake Pit
 35216 | Snake:1  | Found a runed translucent gate.
 35217 | Snake:1  | Found a runed translucent gate.
 35218 | Snake:1  | Found a runed translucent gate.
 35226 | Snake:1  | Noticed Taul's ghost (journeyman MiFi)
 35226 | Snake:1  | Found the +4 skin of Zhor {*Englaciate rC+++ SInv}
 35841 | Snake:1  | Received a gift from Sif Muna
 35844 | Snake:1  | Got Sif Muna's Compilation of the Hornet and the Cemetery
                  | {god gift}
 36344 | Snake:1  | Identified the amulet "Sett" {Harm ^Drain Regen+ Dex+7
                  | Stlth+}
 37376 | Snake:2  | Identified the +8 battleaxe of Putrescence {holy, ^Fragile
                  | Str+6}
 37857 | Snake:3  | Noticed Saint Roka
 37882 | Snake:3  | Killed Saint Roka
 38358 | Snake:3  | Reached skill level 15 in Shapeshifting
 38358 | Snake:3  | Reached XP level 19. HP: 201/201 MP: 26/32
 38472 | Snake:3  | Found Nuonuw's Armour Shoppe.
 38476 | Snake:3  | Found Keqegias's Weapon Emporium.
 38476 | Snake:3  | Found Beruerul's Armour Shoppe.
 38491 | Snake:3  | Found Vighah's Weapon Emporium.
 38797 | Snake:3  | Received a gift from Sif Muna
 38798 | Snake:3  | Got Sif Muna's Codex of the Congregated Salvo {god gift}
 38852 | Snake:3  | Noticed Jorgrun
 38853 | Snake:3  | Identified the serpent talisman of the New World {rN+++
                  | Str-3 Dex+4}
 38853 | Snake:3  | Noticed Aizul
 38865 | Snake:3  | Killed Jorgrun
 38869 | Snake:3  | Killed Aizul
 39177 | Snake:4  | Entered Level 4 of the Snake Pit
 39488 | Snake:4  | Found Seanejox's Antique Weapon Shop.
 39738 | Snake:4  | Got the Handbook of the Apothecary
 39765 | Snake:4  | Received a gift from Sif Muna
 39766 | Snake:4  | Got Sif Muna's Book of Alteration and Wildfire {god gift}
 39915 | Snake:4  | Reached skill level 10 in Spellcasting
 39917 | Snake:4  | Reached skill level 10 in Alchemy
 39944 | Snake:4  | Learned a level 5 spell: Yara's Violent Unravelling
 39987 | Snake:4  | Got a serpentine rune of Zot
 40055 | Snake:4  | Found Boetik's Book Shop.
 40141 | Snake:4  | Found Hoelepoz's Antique Armour Shop.
 40898 | Shoals:3 | Reached XP level 20. HP: 216/221 MP: 23/34
 41006 | Shoals:3 | Killed Mlioglotl
 41201 | Shoals:4 | Entered Level 4 of the Shoals
 41216 | Shoals:4 | Reached skill level 10 in Dodging
 41453 | Shoals:4 | Received a gift from Sif Muna
 41480 | Shoals:4 | Reached skill level 7 in Invocations
 41553 | Shoals:4 | Got Dispater's Guidebook on Erosion {god gift}
 41703 | Shoals:4 | Reached skill level 8 in Invocations
 41703 | Shoals:4 | Paralysed by a sphinx for 4 turns
 41758 | Shoals:4 | Got a barnacled rune of Zot
 41770 | Shoals:4 | Reached skill level 9 in Invocations
 41986 | Shoals:4 | Reached skill level 10 in Invocations
 42106 | Shoals:4 | Identified the +1 leather armour "Daaneaxue" {+Inv rElec}
 42465 | Vaults:1 | Entered Level 1 of the Vaults
 42492 | Vaults:1 | Reached skill level 11 in Invocations
 42735 | Vaults:1 | Reached skill level 12 in Invocations
 43251 | Vaults:1 | Received a gift from Sif Muna
 43522 | Vaults:1 | Reached XP level 21. HP: 231/231 MP: 35/35
 44357 | Vaults:2 | Paralysed by a sphinx for 4 turns
 44361 | Vaults:2 | Received a gift from Sif Muna
 44521 | Vaults:2 | Found Ryrraon's Distillery.
 44550 | Vaults:2 | You fall into a shaft and drop 1 floor!
 44728 | Vaults:3 | Found a staircase to the Crypt.
 45447 | Vaults:3 | Found a runed translucent gate.
 45447 | Vaults:3 | Found a runed translucent gate.
 45447 | Vaults:3 | Found a runed translucent gate.
 45520 | Vaults:3 | Received a gift from Sif Muna
 45521 | Vaults:3 | Got Sif Muna's Tractate on Rocky Allies {god gift}
 45954 | Vaults:3 | Found a glowing golden altar of the Shining One.
 46221 | Vaults:4 | Found Vakle's Armour Emporium.
 46308 | Vaults:4 | Reached XP level 22. HP: 249/249 MP: 30/36
 47424 | Depths:1 | Entered Level 1 of the Depths
 47426 | Depths:1 | Noticed Bai Suzhen
 47438 | Depths:1 | Killed Bai Suzhen
 47438 | Depths:1 | Received a gift from Sif Muna
 47447 | Depths:1 | Reached ****** piety under Sif Muna
 47915 | Depths:1 | Got Sif Muna's Improving Your Spellcasting {god gift}
 48060 | Depths:1 | Found a blossoming altar of Fedhas.
 48179 | Depths:1 | Found a gateway to Hell.
 48416 | Depths:2 | Found a corrupted altar of Lugonu.
 48416 | Depths:2 | Found a one-way gate to the infinite horrors of the Abyss.
 48525 | Depths:2 | Found a one-way gateway to a ziggurat.
 48866 | Depths:2 | Found a one-way gate leading to the halls of Pandemonium.
 48963 | Depths:2 | Found an iron altar of Okawaru.
 49171 | Depths:2 | Reached XP level 23. HP: 265/265 MP: 37/37
 49468 | Depths:3 | Received a gift from Sif Muna
 49479 | Depths:3 | Got Sif Muna's Treatise on Interference and Fever {god
                  | gift}
 49686 | Depths:3 | Noticed a juggernaut
 49686 | Depths:3 | Noticed a golden dragon
 49880 | Depths:3 | Noticed a golden dragon
 49880 | Depths:3 | Noticed a golden dragon
 49881 | Depths:3 | Noticed Parghit
 49902 | Depths:3 | Killed a golden dragon
 50110 | D:15     | Bought a scroll of acquirement for 624 gold pieces
 50114 | D:15     | Acquired a +6 ring of dexterity
 50165 | D:15     | Bought a scroll of acquirement for 884 gold pieces
 50166 | D:15     | Acquired the scarf of Inference {+Inv, rElec Dex+6}
 50390 | Elf:1    | Entered Level 1 of the Elven Halls
 50392 | Elf:1    | Noticed Kirke
 50402 | Elf:1    | Killed Kirke
 50538 | Elf:1    | Found a runed translucent door.
 50539 | Elf:1    | Noticed Doblui's ghost (adept MiFi)
 50578 | Elf:1    | Reached skill level 15 in Dodging
 50783 | Elf:1    | Found a portal to a secret trove of treasure.
 50784 | Elf:1    | Found Obiag's Distillery.
 51610 | D:15     | Bought a scroll of enchant armour for 90 gold pieces
 51872 | Elf:1    | You paid a toll of +3 fire dragon scales to enter a
                  | treasure trove
 51873 | Trove    | Entered a treasure trove
 51893 | Trove    | Identified the ring of Ysunt {MP+9 Int+3 Dex+6}
 51895 | Trove    | Identified the ring of Luifar {^Drain +Blink rN+ rCorr
                  | Dex+5}
 51900 | Trove    | Identified the amulet "Lomimpos" {Faith rC++ Int+3}
 51909 | Trove    | Identified the ring "Ethurph" {rPois Str+6 Stlth+}
 51911 | Trove    | Identified the ring "Legeawy" {rElec rF+ Will+}
 51912 | Trove    | Identified the ring of Cetika {rC+ Str+6 Int+5 Dex-4}
 51954 | Elf:1    | Bought a potion of curing for 51 gold pieces
 51954 | Elf:1    | Bought a potion of invisibility for 136 gold pieces
 51954 | Elf:1    | Bought 2 potions of ambrosia for 272 gold pieces
 51954 | Elf:1    | Bought a potion of brilliance for 68 gold pieces
 51956 | Elf:1    | Bought a potion of enlightenment for 85 gold pieces
 51991 | Elf:1    | Received a gift from Sif Muna
 51994 | Elf:1    | Got Sif Muna's Atlas of Conjuration {god gift}
 52020 | Elf:1    | Paralysed by an air elemental for 1 turns
 52376 | Elf:2    | Found Pihex's Weapon Emporium.
 52408 | Elf:2    | Found Seneonim's Armour Boutique.
 52671 | Elf:2    | Found a huge runed translucent gate.
 52671 | Elf:2    | Found a huge runed translucent gate.
 52671 | Elf:2    | Found a huge runed translucent gate.
 52671 | Elf:2    | Found a huge runed translucent gate.
 52671 | Elf:2    | Found a huge runed translucent gate.
 52718 | Elf:2    | Found Zora's Antique Armour Shop.
 52724 | Elf:2    | Found Gesoonn's Antique Weapon Shop.
 52828 | Elf:2    | Found Pixzan's Antique Weapon Boutique.
 53008 | Elf:3    | Entered Level 3 of the Elven Halls
 53010 | Elf:3    | Noticed Zenata
 53024 | Elf:3    | Killed Zenata
 53564 | Elf:3    | Reached skill level 5 in Evocations
 53636 | Elf:3    | Reached XP level 24. HP: 275/275 MP: 37/37
 53777 | Elf:3    | Identified the ring "Ikuqasm" {rF+ rN+++ Will++ rCorr
                  | Str-5}
 53798 | Elf:3    | Gained mutation: You are weak. (Str -2) [a cacodemon]
 53799 | Elf:3    | Gained mutation: You occasionally lose the ability to drink
                  | potions when taking damage. [a cacodemon]
 53927 | Elf:2    | Lost mutation: You are weak. (Str -2) [potion of mutation]
 53927 | Elf:2    | Lost mutation: You occasionally lose the ability to drink
                  | potions when taking damage. [potion of mutation]
 53927 | Elf:2    | Gained mutation: You have hidden genetic defects. [potion
                  | of mutation]
 53927 | Elf:2    | Gained mutation: You have an increased reservoir of magic.
                  | (+10% MP) [potion of mutation]
 53927 | Elf:2    | Gained mutation: You are agile. (Dex +4, Str/Int -1)
                  | [potion of mutation]
 53927 | Elf:2    | Gained mutation: You have sharp toenails. [potion of
                  | mutation]
 54038 | Elf:3    | Identified the staff of Reapportionment {+Blink rF+ Conj
                  | Fire}
 54057 | Abyss:2  | Cast into level 2 of the Abyss (a deep elf sorcerer)
 54105 | Abyss:2  | Found a corrupted altar of Lugonu.
 54187 | Abyss:3  | Found a corrupted altar of Lugonu.
 54300 | Abyss:4  | Received a gift from Sif Muna
 54301 | Abyss:4  | Got Sif Muna's Essays on the Curse {god gift}
 54313 | Abyss:4  | Killed Fannar
 54427 | Elf:3    | Escaped the Abyss
 54511 | Elf:3    | Identified the ring of Oxzu {rElec rF+ MP-9 Str+3 Int+6}
 54544 | Elf:3    | Gained mutation: You are dopey. (Int -2) [hidden defects]
 54550 | Elf:3    | Found the +5 Storm Queen's Shield {shock, Fly rElec}
 54553 | Elf:3    | Identified the ring of Ynis {Fire Str+3 Int+4 Dex+2}
 54568 | Elf:3    | Acquired the +6 lajatang "Poycky" {heavy, *Noise Str+5
                  | Dex+4}
 54576 | Elf:3    | Acquired 973 gold pieces
 54578 | Elf:3    | Acquired 1044 gold pieces
 54606 | Elf:3    | Got the Atlas of Hiemal Mud
 54625 | Elf:3    | Identified the +7 plate armour of Weightlessness {+Blink
                  | Int+4 Dex+3}
 54631 | Elf:3    | Identified the scarf of Ucegoc {rC+ rF+, Will+ Regen+}
 54651 | Elf:3    | Identified the staff of Gravity {Conj Necro}
 55132 | Vaults:5 | Entered Level 5 of the Vaults
 55154 | Vaults:5 | Found Pelytrio's Assorted Antiques.
 55172 | Vaults:5 | Reached skill level 10 in Evocations
 55310 | Vaults:5 | Identified the +3 pair of gloves of Baleful Surprise {rC-
                  | Dex+7 Slay-3}
 55381 | Vaults:5 | Lost mutation: You have an increased reservoir of magic.
                  | (+10% MP) [hidden defects]
 55381 | Vaults:5 | Lost mutation: You have hidden genetic defects. [hidden
                  | defects expressed]
 55420 | Vaults:5 | Received a gift from Sif Muna
 55421 | Vaults:5 | Got Buomen's Compilation of Spooky Action and Execration
                  | {god gift}
 55427 | Vaults:5 | Learned a level 4 spell: Vhi's Electric Charge
 55476 | Vaults:5 | Noticed a dread lich
 55482 | Vaults:5 | Killed a dread lich
 55543 | Vaults:5 | Learned a level 4 spell: Manifold Assault
 55635 | Vaults:5 | Reached skill level 1 in Translocations
 55777 | Vaults:5 | Reached skill level 5 in Air Magic
 55860 | Vaults:5 | Identified the orb "Goisetha" {*Rage, rC+}
 55861 | Vaults:5 | Reached XP level 25. HP: 284/284 MP: 38/38
 55861 | Vaults:5 | Identified the +4 long sword of Trog's Whim {heavy, rN+
                  | Int-4 Dex+7 SInv}
 55910 | Vaults:5 | Noticed an ancient lich
 55913 | Vaults:5 | Noticed an ancient lich
 55921 | Vaults:5 | Killed an ancient lich
 55922 | Vaults:5 | Killed an ancient lich
 55947 | Vaults:5 | Reached skill level 5 in Translocations
 56126 | Vaults:5 | Identified the +11 arbalest of Pawe Bomp {penet, rElec rN++
                  | Str-3 Int+6}
 56208 | Vaults:5 | Identified the +1 pair of gloves "Zixkuogg" {rF- rC+ Str+4
                  | Dex+3}
 56211 | Vaults:5 | Got a silver rune of Zot
 56212 | Vaults:5 | Identified the +1 cloak of Tonwiose {rC- Str-5 Dex+8}
 56215 | Vaults:5 | Got the Monograph on Corpses and Algor
 56316 | Vaults:5 | Identified the staff of the Stained God {rCorr Int+2 Dex+3
                  | Stlth- Summ Earth}
 57048 | Depths:3 | Found a runed translucent gate.
 57049 | Depths:3 | Found a runed translucent gate.
 57050 | Depths:3 | Found a runed translucent gate.
 57050 | Depths:3 | Noticed Plog's ghost (adept DgCj)
 57090 | Depths:3 | Killed a juggernaut
 57139 | Depths:3 | Reached skill level 10 in Air Magic
 57140 | Depths:3 | Identified the ring "Juribb" {Will+ Dex+6 Stlth+}
 57288 | Depths:4 | Entered Level 4 of the Depths
 57429 | Depths:4 | Noticed Margery
 57437 | Depths:4 | Killed Margery
 57437 | Depths:4 | Received a gift from Sif Muna
 57538 | Depths:4 | Got Sif Muna's Omnibus of Helpful Erosion {god gift}
 57543 | Depths:4 | Found a gate to the Realm of Zot.
 57604 | Zot:1    | Entered Level 1 of the Realm of Zot
 57613 | Zot:1    | Noticed a dread lich
 57616 | Zot:1    | Noticed a dread lich
 57627 | Depths:4 | Killed a dread lich
 57632 | Depths:4 | Reached skill level 13 in Invocations
 57657 | Depths:4 | Killed a dread lich
 57739 | Zot:1    | Reached XP level 26. HP: 293/293 MP: 38/38
 57756 | Zot:1    | Reached skill level 14 in Invocations
 57976 | Zot:1    | Received a gift from Sif Muna
 57994 | Zot:1    | Reached skill level 15 in Invocations
 58020 | Zot:1    | Got Sif Muna's Parchment of Cryomancy and Bombardment {god
                  | gift}
 58122 | Zot:1    | You fall into a shaft and drop 1 floor!
 58147 | Zot:2    | Reached skill level 16 in Invocations
 58158 | Zot:2    | Noticed a Killer Klown
 58171 | Zot:2    | Killed a Killer Klown
 58323 | Zot:2    | Reached skill level 17 in Invocations
 58604 | Zot:2    | Reached skill level 18 in Invocations
 58618 | Zot:2    | Noticed an orb of fire
 58624 | Zot:2    | Killed an orb of fire
 58761 | Zot:2    | Reached skill level 19 in Invocations
 59169 | Zot:2    | Identified the +0 chain mail "Toggev" {Slay+4}
 59488 | Zot:3    | Reached skill level 20 in Invocations
 59489 | Zot:3    | Found the +4 dragonskin cloak
 59489 | Zot:3    | Noticed Tiamat
 59675 | Zot:3    | Received a gift from Sif Muna
 59676 | Zot:3    | Got Sif Muna's Almanac of Feculent Violence {god gift}
 59910 | Zot:3    | Noticed an orb of fire
 60065 | Zot:3    | Killed Tiamat
 60083 | Zot:3    | Reached skill level 21 in Invocations
 60086 | Zot:3    | Reached XP level 27. HP: 291/302 MP: 32/38
 61391 | Zot:5    | Entered Level 5 of the Realm of Zot
 61424 | Zot:5    | Reached skill level 22 in Invocations
 61826 | Zot:5    | Noticed a dread lich
 61830 | Zot:5    | Killed a dread lich
 61833 | Zot:5    | Reached skill level 23 in Invocations
 61963 | Zot:5    | Noticed an orb of fire
 61967 | Zot:5    | Gained mutation: Your flesh is cold resistant. (rC+) [an
                  | orb of fire]
 61968 | Zot:5    | Gained mutation: You are very dopey. (Int -4) [an orb of
                  | fire]
 61971 | Zot:5    | Killed an orb of fire
 61971 | Zot:5    | Noticed an orb of fire
 61973 | Zot:5    | Killed an orb of fire
 61973 | Zot:5    | Noticed an orb of fire
 61975 | Zot:5    | Killed an orb of fire
 61975 | Zot:5    | Noticed an orb of fire
 61976 | Zot:5    | Gained mutation: You occasionally shout uncontrollably at
                  | your foes. [an orb of fire]
 61980 | Zot:5    | Killed an orb of fire
 61983 | Zot:5    | Noticed a dread lich
 61987 | Zot:5    | Killed a dread lich
 61993 | Zot:5    | Noticed an ancient lich
 62003 | Zot:5    | Killed an ancient lich
 62119 | Zot:5    | Noticed an ancient lich
 62136 | Zot:5    | Killed an ancient lich
 62144 | Zot:5    | Noticed a dread lich
 62147 | Zot:5    | Killed a dread lich
 62241 | Zot:5    | Received a gift from Sif Muna
 62342 | Zot:5    | Learned a level 3 spell: Swiftness
 62347 | Zot:5    | Learned a level 3 spell: Passwall
 62450 | Zot:5    | Noticed a dread lich
 62452 | Zot:5    | Noticed a dread lich
 62607 | Zot:5    | Killed a dread lich
 62618 | Zot:5    | Killed a dread lich
 62880 | Zot:5    | Got the Orb of Zot
 62974 | Zot:3    | Gained mutation: You do not regenerate when monsters are
                  | visible. [an orb of fire]
 62978 | Zot:3    | Killed an orb of fire
 62979 | Zot:3    | Lost mutation: You do not regenerate when monsters are
                  | visible. [potion of mutation]
 62979 | Zot:3    | Lost mutation: You occasionally shout uncontrollably at
                  | your foes. [potion of mutation]
 62979 | Zot:3    | Gained mutation: You have a pair of horns on your head.
                  | [potion of mutation]
 62979 | Zot:3    | Gained mutation: You expend magic power (3 MP) to
                  | strengthen your wands. [potion of mutation]
 63129 | Depths:4 | Noticed Xtahua
 63137 | Depths:4 | Killed Xtahua
 63170 | Depths:4 | Noticed Veovez the pandemonium lord
 63238 | Depths:1 | Received a gift from Sif Muna
 63239 | Depths:1 | Got Sif Muna's Volume of Charnel Fascination {god gift}
 63269 | D:15     | Noticed Ryhuafy the pandemonium lord
 63275 | D:15     | Killed Ryhuafy the pandemonium lord
 63389 | D:12     | Noticed Bouxempu the pandemonium lord
 63393 | D:12     | Killed Bouxempu the pandemonium lord
 63511 | D:6      | Noticed Intyt the pandemonium lord
 63514 | D:6      | Killed Intyt the pandemonium lord
 63514 | D:6      | Noticed an ancient lich
 63520 | D:6      | Killed an ancient lich
 63571 | D:3      | Killed Sigmund
 63645 | D:$      | Escaped with the Orb!

Illustrated notes

Levels and vault maps discovered:
D:1:      erik_arrival_cave_to_civilisation [erik_arrival_cave_to_hall],
          layout_basic, serial_shops, shop
D:2:      layout_rooms
D:3:      layout_basic, uniq_sigmund
D:4:      minmay_general_purpose_star, layout_loops_ring
D:5:      kennysheep_kobold_camp, layout_basic, uniq_grinder,
          uniq_blork_the_orc, uniq_duvessa
D:6:      layout_layer_cave, minmay_temple_entry_ruins, fountainhead,
          kennysheep_generic_room_13, uniq_prince_ribbit1
D:7:      layout_loops_ring, enter_bailey_7, minmay_quadrilaterals
D:8:      minmay_bloctagon_deflated, layout_basic, minitemple
D:9:      cheibrodos_barr_body, layout_layer_cave
D:10:     layout_basic, grunt_lair_entry_orc_guard_hut, orc_0_dummy,
          minmay_pinched_square
D:11:     layout_cave_pools, uniq_sonja
D:12:     cheibrodos_magma_flow, layout_layer_cave, st_stairs_12
D:13:     layout_cave_pods, grunt_vaults_entry_fortified
D:14:     layout_irregular_city, minivault_19
D:15:     grunt_enter_depths_hoard, layout_cave_pools, dreamdust_wishing_well,
          serial_shops, nicolae_shop_statue_plus, nicolae_shop_crystal,
          hangedman_decor_opposing, kennysheep_crisscross, dk_noncrumbling_4,
          uniq_roxanne
Temple:   mainiacjoe_temple_cubbyholes
Lair:1:   layout_misc_corridors, gammafunk_ghost_split,
          nicolae_quartered_pool_medium, lemuel_fruit_fields, uniq_erica
Lair:2:   layout_cave_pods, basic_altar, gauntlet_entry_generic,
          guppyfry_lair_drakes, infiniplex_staircase_pool_2, uniq_amaemon,
          uniq_fannar
Lair:3:   layout_loops_ring, elwin_shoals_entry_stream,
          nicolae_snake_entry_squirm, basic_altar, st_stairs_8,
          lemuel_fruit_fields
Lair:4:   layout_loops_ring
Lair:5:   evilmike_catoblepas_cave, layout_loops_ring, slime_entry_1,
          cheibrodos_lair_lostbears
Shoals:1: layout_shoals, nicolae_shoals_kraken_intersection
Shoals:2: nicolae_shoals_offshore_bank_account, layout_shoals, st_cyclops,
          uniq_louise, uniq_ilsuiw
Shoals:3: layout_shoals, serial_shops, shop, uniq_mlioglotl
Shoals:4: shoals_end_hellmonk_lost_city
Snake:1:  layout_cave_shapes, gammafunk_ghost_necromancy,
          nicolae_snake_single_loop, grunt_ministairs_12
Snake:2:  layout_basic
Snake:3:  layout_onion_interference, minmay_shoptagon, uniq_saint_roka,
          uniq_aizul, uniq_jorgrun
Snake:4:  grunt_snake_rune_pools, layout_rooms, serial_shops, shop,
          nicolae_shop_tiny_waterfront, nicolae_shop_tiny_glass
Orc:1:    layout_caves, basic_altar, serial_shops,
          nicolae_shop_bloodbath_and_beyond
Orc:2:    grunt_orc_gardens, layout_caves, grunt_orc_garden, grunt_orc_garden,
          grunt_orc_garden, grunt_orc_garden, serial_shops, shop,
          gammafunk_ghost_smash
Elf:1:    minmay_elf_arrival_circle, layout_geoelf_octagon,
          hellmonk_ghost_big_iron, serial_shops, nicolae_shop_advertising_works
          [nicolae_subvault_shop_adworks], nicolae_trove_entry_free_sample,
          minmay_elf_sorcery, fountainhead, uniq_kirke
Elf:2:    elven_hall_of_blades_hangedman_alternative
          [nooodl_blade_entry_preview], layout_geoelf_diagonals, serial_shops,
          shop, nicolae_shop_scrapyard, shop, shop, shop
Elf:3:    minmay_elf_hall_x, layout_loops_cross, special_room
          [special_room_mythical_zoo], portal_ice_cave_entry_pillars_1,
          uniq_zenata
Vaults:1: nicolae_vaults_closet_pinwheel_4, v_misc_10,
          nicolae_vaults_storage_room_water, nicolae_vaults_storage_closets_3,
          st_cross, v_pattern_2, v_misc_28, v_misc_28,
          nicolae_vaults_shelves_hall, nicolae_vaults_tetromino_L_2,
          layout_vaults_omnicross
Vaults:2: hangedman_vaults_river_flow, v_misc_23, nicolae_vaults_corpse_flower,
          v_alt_pattern_2, v_misc_9, vaults_dpeg_encased_lava,
          nicolae_vaults_two_Ls, v_misc_32, nicolae_vaults_house_2,
          layout_vaults_chaotic_city, serial_shops, shop
Vaults:3: nicolae_vaults_storage_room_statues, v_misc_17,
          abrahamwl_protected_by_tso_2, v_misc_28,
          minmay_crypt_entry_simple_round, nicolae_vaults_twisting_passages,
          v_misc_2, v_rooms_1, nicolae_vaults_surprise_closet,
          nicolae_vaults_rhombus_5, nicolae_vaults_storage_room_glass,
          nicolae_vaults_specimen_jars, layout_vaults_omnibox
Vaults:4: ontoclasm_vaults_spin, nicolae_vaults_border_crossing,
          vaults_mumra_minichess, nicolae_vaults_trapezoid_3,
          nicolae_vaults_stepped_doors, vaults_room_hallway,
          hangedman_vaults_trim, st_cells, dpeg_vaults_monster_box,
          layout_vaults_maze_snakey
Vaults:5: serial_shops
Depths:1: layout_cave_pools, hell_entry, corexii_hall_statues_u,
          amcnicky_mini_pool_small, nicolae_water_bricks,
          corexii_mini_fake_secret_closet, hangedman_decor_diamond_cutter,
          amcnicky_mini_corridor_feature, lemuel_statue_altar,
          lemuel_flamethrower_2, uniq_bai_suzhen
Depths:2: kennysheep_blocky_room, layout_basic, enter_ziggurat_a,
          abyss_entry_flame_altar, pan_entry, hell_entry,
          kennysheep_okawaru_gauntlet
Depths:3: nicolae_fronds_of_death, layout_long_grid, abyss_entry, hellmouth_1,
          rand_demon_pan_entry_7, biasface_ghost_demon_polymorph, st_stairs_14,
          minmay_staircase_windowed_large, uniq_parghit
Depths:4: grunt_crosshair, layout_gridville, grunt_hell_entry_dis_mu,
          ebering_ghost_reflecting_pool, uniq_enchantress, uniq_xtahua,
          uniq_margery
Zot:1:    hellmonk_crystal_mountain, layout_misc_corridors,
          regret_index_zotdec_barnacled_simple
Zot:2:    dreamdust_black_sun_cult, layout_gridlike,
          regret_index_zotdec_magical_s, grunt_megastairs_2
Zot:3:    grunt_twist_and_shout, layout_cathedral_of_symmetry, lemuel_elevator,
          uniq_tiamat
Zot:4:    layout_gridlike, regret_index_zotdec_banners
Zot:5:    layout_cathedral_of_symmetry, st_stairs_8

Skill      XL: |  1  2  3  4  5  6  7  8  9 10 11 12 13 14 15 16 17 18 19 20 21 22 23 24 25 26 27 |
---------------+----------------------------------------------------------------------------------+-----
Hexes          | 3 5 |  5.0
Spellcasting   | 2 3 4 7 9 10 11 | 11.6
Air Magic      | 1 2 3 6 12 | 12.9
Alchemy        | 1 2 3 4 5 7 9 11 13 | 13.2
Conjurations   | 2 5 |  5.0
Fighting       | 5 6 8 11 13 15 17 18 20 22 | 22.4
Earth Magic    | 3 4 9 |  9.3
Dodging        | 4 5 8 9 11 12 14 16 19 | 19.5
Staves         | 3 5 9 12 | 12.3
Invocations    | 5 6 12 13 21 23 | 23.0
Throwing       | 6 7 |  7.6
Stealth        | 5 |  5.0
Evocations     | 3 6 10 | 10.5
Shapeshifting  | 10 15 16 17 18 19 20 | 20.5
Translocations | 3 9 |  9.0
Ranged Weapons | |  1.3
Fire Magic     | |  0.8

Action                     |  1- 3 |  4- 6 |  7- 9 | 10-12 | 13-15 | 16-18 | 19-21 | 22-24 | 25-27 || total
---------------------------+-------+-------+-------+-------+-------+-------+-------+-------+-------++-------
  Melee: Quarterstaff      |    25 |   131 |   238 |   585 |   452 |       |       |       |       ||  1431
         Headbutt          |     2 |    16 |    53 |   128 |   258 |   183 |   285 |   362 |   420 ||  1707
         Lajatang          |       |       |       |       |   577 |   628 |   948 |  1110 |  1298 ||  4561
         Staff             |       |       |       |       |       |       |     9 |       |       ||     9
         Kick              |       |       |       |       |       |       |       |   189 |   623 ||   812
   Fire: Sling             |    61 |       |       |       |       |       |       |       |       ||    61
  Throw: Dart              |       |       |       |     2 |       |       |       |       |       ||     2
         Large rock        |       |       |       |       |       |     1 |       |       |       ||     1
   Cast: Mercury Vapours   |     4 |    11 |    33 |    40 |    28 |     3 |       |       |       ||   119
         Jinxbite          |       |       |    13 |     4 |    20 |       |       |       |       ||    37
         Petrify           |       |       |    17 |    55 |    88 |    59 |    32 |     6 |    12 ||   269
         Mephitic Cloud    |       |       |    11 |    12 |    10 |       |       |       |       ||    33
         Cause Fear        |       |       |     1 |     5 |     2 |     3 |       |       |       ||    11
         Leda's Liquefacti |       |       |       |     8 |     8 |     1 |       |       |       ||    17
         Inner Flame       |       |       |       |     7 |    11 |       |       |       |       ||    18
         Slow              |       |       |       |     4 |     2 |       |       |       |       ||     6
         Irradiate         |       |       |       |       |    32 |    38 |    40 |    46 |    28 ||   184
         Lee's Rapid Decon |       |       |       |       |    87 |   101 |    71 |    28 |     6 ||   293
         Eringya's Noxious |       |       |       |       |       |    11 |     5 |     2 |       ||    18
         Alistair's Intoxi |       |       |       |       |       |     1 |     3 |     5 |     2 ||    11
         Yara's Violent Un |       |       |       |       |       |       |    13 |    12 |    14 ||    39
         Chain Lightning   |       |       |       |       |       |       |       |     2 |       ||     2
         Vhi's Electric Ch |       |       |       |       |       |       |       |     2 |    59 ||    61
         Polar Vortex      |       |       |       |       |       |       |       |     1 |       ||     1
         Shatter           |       |       |       |       |       |       |       |       |     1 ||     1
         Manifold Assault  |       |       |       |       |       |       |       |       |    67 ||    67
 Invoke: Channel Magic     |       |       |       |     1 |     4 |    14 |     4 |       |       ||    23
         Divine Exegesis   |       |       |       |       |       |       |       |     3 |     1 ||     4
Ability: Begin Untransform |       |       |       |       |       |       |     1 |       |       ||     1
         Evoke Blink       |       |       |       |       |       |       |       |       |     7 ||     7
  Evoke: Wand              |       |       |       |     2 |       |       |       |       |     1 ||     3
         Condenser vane    |       |       |       |       |       |       |       |     1 |       ||     1
    Use: Scroll            |       |     5 |     4 |    12 |    24 |    16 |     1 |    13 |    11 ||    86
         Potion            |       |       |     1 |    10 |     6 |     6 |     1 |     6 |    22 ||    52
   Stab: Sleeping          |       |     1 |       |       |     9 |     4 |    13 |    12 |     5 ||    44
         Petrified         |       |       |    14 |    79 |   140 |    70 |    32 |     2 |    14 ||   351
         Confused          |       |       |     4 |     7 |    12 |       |     2 |     1 |       ||    26
         Petrifying        |       |       |     2 |    12 |    13 |     4 |     4 |     5 |     4 ||    44
         Invisible         |       |       |       |     1 |       |       |     1 |     2 |       ||     4
         Distracted        |       |       |       |       |     2 |     2 |     2 |    12 |     6 ||    24
 Armour: Robe              |    23 |    74 |   183 |   277 |     5 |       |       |       |       ||   562
         Troll leather arm |       |       |       |   142 |   652 |   659 |     7 |       |       ||  1460
         Skin              |       |       |       |    16 |    37 |   164 |  1710 |  1598 |  1579 ||  5104
  Dodge: Dodged            |    20 |    43 |   102 |   248 |   417 |   485 |  1225 |  1954 |  2649 ||  7143
  Block: Other             |     8 |    25 |    47 |   116 |   189 |     4 |       |       |       ||   389
         Reflection        |     1 |     1 |     2 |    10 |    13 |     2 |       |       |       ||    29
   Form: Statue            |       |       |       |       |       |     1 |     2 |       |       ||     3
         Serpent           |       |       |       |       |       |       |     1 |       |       ||     1

Levels and vault maps discovered:
D:1:      erik_arrival_cave_to_civilisation [erik_arrival_cave_to_hall],
          layout_basic, serial_shops, shop
D:2:      layout_rooms
D:3:      layout_basic, uniq_sigmund
D:4:      minmay_general_purpose_star, layout_loops_ring
D:5:      kennysheep_kobold_camp, layout_basic, uniq_grinder,
          uniq_blork_the_orc, uniq_duvessa
D:6:      layout_layer_cave, minmay_temple_entry_ruins, fountainhead,
          kennysheep_generic_room_13, uniq_prince_ribbit1
D:7:      layout_loops_ring, enter_bailey_7, minmay_quadrilaterals
D:8:      minmay_bloctagon_deflated, layout_basic, minitemple
D:9:      cheibrodos_barr_body, layout_layer_cave
D:10:     layout_basic, grunt_lair_entry_orc_guard_hut, orc_0_dummy,
          minmay_pinched_square
D:11:     layout_cave_pools, uniq_sonja
D:12:     cheibrodos_magma_flow, layout_layer_cave, st_stairs_12
D:13:     layout_cave_pods, grunt_vaults_entry_fortified
D:14:     layout_irregular_city, minivault_19
D:15:     grunt_enter_depths_hoard, layout_cave_pools, dreamdust_wishing_well,
          serial_shops, nicolae_shop_statue_plus, nicolae_shop_crystal,
          hangedman_decor_opposing, kennysheep_crisscross, dk_noncrumbling_4,
          uniq_roxanne
Temple:   mainiacjoe_temple_cubbyholes
Lair:1:   layout_misc_corridors, gammafunk_ghost_split,
          nicolae_quartered_pool_medium, lemuel_fruit_fields, uniq_erica
Lair:2:   layout_cave_pods, basic_altar, gauntlet_entry_generic,
          guppyfry_lair_drakes, infiniplex_staircase_pool_2, uniq_amaemon,
          uniq_fannar
Lair:3:   layout_loops_ring, elwin_shoals_entry_stream,
          nicolae_snake_entry_squirm, basic_altar, st_stairs_8,
          lemuel_fruit_fields
Lair:4:   layout_loops_ring
Lair:5:   evilmike_catoblepas_cave, layout_loops_ring, slime_entry_1,
          cheibrodos_lair_lostbears
Shoals:1: layout_shoals, nicolae_shoals_kraken_intersection
Shoals:2: nicolae_shoals_offshore_bank_account, layout_shoals, st_cyclops,
          uniq_louise, uniq_ilsuiw
Shoals:3: layout_shoals, serial_shops, shop, uniq_mlioglotl
Shoals:4: shoals_end_hellmonk_lost_city
Snake:1:  layout_cave_shapes, gammafunk_ghost_necromancy,
          nicolae_snake_single_loop, grunt_ministairs_12
Snake:2:  layout_basic
Snake:3:  layout_onion_interference, minmay_shoptagon, uniq_saint_roka,
          uniq_aizul, uniq_jorgrun
Snake:4:  grunt_snake_rune_pools, layout_rooms, serial_shops, shop,
          nicolae_shop_tiny_waterfront, nicolae_shop_tiny_glass
Orc:1:    layout_caves, basic_altar, serial_shops,
          nicolae_shop_bloodbath_and_beyond
Orc:2:    grunt_orc_gardens, layout_caves, grunt_orc_garden, grunt_orc_garden,
          grunt_orc_garden, grunt_orc_garden, serial_shops, shop,
          gammafunk_ghost_smash
Elf:1:    minmay_elf_arrival_circle, layout_geoelf_octagon,
          hellmonk_ghost_big_iron, serial_shops, nicolae_shop_advertising_works
          [nicolae_subvault_shop_adworks], nicolae_trove_entry_free_sample,
          minmay_elf_sorcery, fountainhead, uniq_kirke
Elf:2:    elven_hall_of_blades_hangedman_alternative
          [nooodl_blade_entry_preview], layout_geoelf_diagonals, serial_shops,
          shop, nicolae_shop_scrapyard, shop, shop, shop
Elf:3:    minmay_elf_hall_x, layout_loops_cross, special_room
          [special_room_mythical_zoo], portal_ice_cave_entry_pillars_1,
          uniq_zenata
Vaults:1: nicolae_vaults_closet_pinwheel_4, v_misc_10,
          nicolae_vaults_storage_room_water, nicolae_vaults_storage_closets_3,
          st_cross, v_pattern_2, v_misc_28, v_misc_28,
          nicolae_vaults_shelves_hall, nicolae_vaults_tetromino_L_2,
          layout_vaults_omnicross
Vaults:2: hangedman_vaults_river_flow, v_misc_23, nicolae_vaults_corpse_flower,
          v_alt_pattern_2, v_misc_9, vaults_dpeg_encased_lava,
          nicolae_vaults_two_Ls, v_misc_32, nicolae_vaults_house_2,
          layout_vaults_chaotic_city, serial_shops, shop
Vaults:3: nicolae_vaults_storage_room_statues, v_misc_17,
          abrahamwl_protected_by_tso_2, v_misc_28,
          minmay_crypt_entry_simple_round, nicolae_vaults_twisting_passages,
          v_misc_2, v_rooms_1, nicolae_vaults_surprise_closet,
          nicolae_vaults_rhombus_5, nicolae_vaults_storage_room_glass,
          nicolae_vaults_specimen_jars, layout_vaults_omnibox
Vaults:4: ontoclasm_vaults_spin, nicolae_vaults_border_crossing,
          vaults_mumra_minichess, nicolae_vaults_trapezoid_3,
          nicolae_vaults_stepped_doors, vaults_room_hallway,
          hangedman_vaults_trim, st_cells, dpeg_vaults_monster_box,
          layout_vaults_maze_snakey
Vaults:5: serial_shops
Depths:1: layout_cave_pools, hell_entry, corexii_hall_statues_u,
          amcnicky_mini_pool_small, nicolae_water_bricks,
          corexii_mini_fake_secret_closet, hangedman_decor_diamond_cutter,
          amcnicky_mini_corridor_feature, lemuel_statue_altar,
          lemuel_flamethrower_2, uniq_bai_suzhen
Depths:2: kennysheep_blocky_room, layout_basic, enter_ziggurat_a,
          abyss_entry_flame_altar, pan_entry, hell_entry,
          kennysheep_okawaru_gauntlet
Depths:3: nicolae_fronds_of_death, layout_long_grid, abyss_entry, hellmouth_1,
          rand_demon_pan_entry_7, biasface_ghost_demon_polymorph, st_stairs_14,
          minmay_staircase_windowed_large, uniq_parghit
Depths:4: grunt_crosshair, layout_gridville, grunt_hell_entry_dis_mu,
          ebering_ghost_reflecting_pool, uniq_enchantress, uniq_xtahua,
          uniq_margery
Zot:1:    hellmonk_crystal_mountain, layout_misc_corridors,
          regret_index_zotdec_barnacled_simple
Zot:2:    dreamdust_black_sun_cult, layout_gridlike,
          regret_index_zotdec_magical_s, grunt_megastairs_2
Zot:3:    grunt_twist_and_shout, layout_cathedral_of_symmetry, lemuel_elevator,
          uniq_tiamat
Zot:4:    layout_gridlike, regret_index_zotdec_banners
Zot:5:    layout_cathedral_of_symmetry, st_stairs_8

Table legend: (Time is in decaauts)
 A = Elapsed time spent in this place.
 B = Non-inter-level travel time spent in this place.
 C = Inter-level travel time spent in this place.
 D = Time resting spent in this place.
 E = Time spent auto-exploring this place.
 F = Levels seen in this place.
 G = Mean time per level.
                   A        B        C        D        E       F      G
               +--------+--------+--------+--------+--------+-----+--------+
         Total |  76071 |  68658 |   7413 |  11702 |  35258 |  54 | 1408.7 |
       Dungeon |  22920 |  20009 |   2911 |   4178 |  11216 |  15 | 1528.0 |
        Temple |    180 |     78 |    102 |      0 |      0 |   1 |  180.0 |
          Lair |   8228 |   7655 |    573 |   1423 |   3861 |   5 | 1645.6 |
        Shoals |   5938 |   5382 |    556 |   1199 |   1977 |   4 | 1484.5 |
     Snake Pit |   7164 |   6891 |    273 |   1243 |   3761 |   4 | 1791.0 |
  Orcish Mines |   1866 |   1486 |    380 |    109 |    997 |   2 |  933.0 |
   Elven Halls |   4366 |   4036 |    330 |    593 |   2052 |   3 | 1455.3 |
        Vaults |  10476 |   8833 |   1643 |    833 |   5117 |   5 | 2095.2 |
        Depths |   4449 |   4176 |    273 |    354 |   2131 |   4 | 1112.2 |
           Zot |   8006 |   7636 |    370 |    784 |   4034 |   5 | 1601.2 |
         Abyss |    523 |    523 |      0 |     25 |     28 |   4 |  130.8 |
         Trove |     96 |     96 |      0 |      0 |      0 |   1 |   96.0 |
        Bailey |   1855 |   1855 |      0 |    956 |     81 |   1 | 1855.0 |
               +--------+--------+--------+--------+--------+-----+--------+

Top non-repeatable levels by time:
    D:13: 3344 daAuts
Vaults:1: 2796 daAuts
Vaults:3: 2514 daAuts
   Zot:5: 2355 daAuts
     D:9: 2353 daAuts
Vaults:5: 2252 daAuts
 Snake:1: 2211 daAuts
Shoals:2: 2167 daAuts
  Lair:3: 2158 daAuts
 Snake:3: 2006 daAuts
   Zot:3: 1926 daAuts
    D:15: 1925 daAuts
Vaults:4: 1922 daAuts
    D:12: 1870 daAuts
  Lair:5: 1864 daAuts

Table legend:
 A = Kills in this place as a percentage of kills in the entire game.
 B = Kills by you in this place as a percentage of kills by you in the entire game.
 C = Kills by friends in this place as a percentage of kills by friends in the entire game.
 D = Other kills in this place as a percentage of other kills in the entire game.
 E = Experience gained in this place as a percentage of experience gained in the entire game.
 F = Experience gained in this place divided by the number of levels of this place that you have seen.
                   A       B       C       D       E      F
               +-------+-------+-------+-------+-------+----------------------
         Total | 100.0 | 100.0 | 100.0 | 100.0 | 100.0 | 27120.3
       Dungeon |  20.5 |  20.2 |   0.0 |  30.1 |   7.8 | 7585.8
          Lair |   8.7 |   7.6 |   0.0 |  41.1 |   4.1 | 12043.4
        Shoals |   9.1 |   9.4 |   0.0 |   1.4 |   7.5 | 27625.8
     Snake Pit |  11.6 |  11.9 |   0.0 |   4.1 |   9.5 | 34893.8
  Orcish Mines |   2.0 |   2.1 |   0.0 |   0.0 |   0.8 | 5559.0
   Elven Halls |   6.0 |   6.2 |   0.0 |   1.4 |   6.7 | 32597.3
        Vaults |  16.6 |  17.1 |   0.0 |   2.7 |  21.4 | 62794.0
        Depths |   9.3 |   9.5 |   0.0 |   4.1 |  14.7 | 53977.8
           Zot |  12.1 |  12.1 | 100.0 |   4.1 |  25.7 | 75394.2
         Abyss |   2.4 |   2.5 |   0.0 |   0.0 |   1.5 | 5336.2
        Bailey |   1.7 |   1.4 |   0.0 |  11.0 |   0.2 | 3308.0
               +-------+-------+-------+-------+-------+----------------------
